 Dungeon Crawl Stone Soup version 0.19.5 (webtiles) character file.

879 Nikta the Magician (level 7, 0/39 HPs)
             Began as a Deep Elf Fire Elementalist on Mar 16, 2017.
             Succumbed to Schimscham's ghost's toxic radiance
             ... on level 4 of the Dungeon.
             The game lasted 00:16:52 (1802 turns).

Nikta the Magician (Deep Elf Fire Elementalist)     Turns: 1802, Time: 00:16:53

Health: 0/39       AC:  5    Str:  5    XL:     7   Next: 75%
Magic:  7/18       EV: 14    Int: 22    God:
Gold:   173        SH:  0    Dex: 15    Spells: 4 memorised, 7 levels left

rFire  + . .     SeeInvis .     t - -1 mace (curse)
rCold  . . .     Gourm    .     a - +0 robe
rNeg   . . .     Faith    .     (no shield)
rPois  .         Spirit   .     q - +1 helmet
rElec  .         Reflect  .     (no cloak)
rCorr  .         Harm     .     (no gloves)
MR     .....                    m - +0 pair of boots
Stlth  ++........               (no amulet)
                                (no ring)
                                k - ring of protection from fire

@: lethally poisoned (0 -> -1), exhausted, flying
A: no striking features
a: no special abilities


You were on level 4 of the Dungeon.
You were not hungry.

You visited 1 branch of the dungeon, and saw 6 of its levels.

You collected 173 gold pieces.

Inventory:

Hand Weapons
 e - a +0 whip
 t - a cursed -1 mace (weapon)
Armour
 a - a +0 robe (worn)
 m - a +0 pair of boots (worn)
 q - a +1 helmet (worn)
Jewellery
 k - a ring of protection from fire (left hand)
Wands
 i - a wand of polymorph (11/24)
Scrolls
 d - a scroll of identify
 l - a scroll of amnesia
Books
 b - a book of Flames

   Spells                             Type                      Level
   a - Flame Tongue                   Conjuration/Fire             1
   b - Throw Flame                    Conjuration/Fire             2
   c - Conjure Flame                  Conjuration/Fire             3
   d - Inner Flame                    Hexes/Fire                   3
   e - Sticky Flame                   Conjuration/Fire             4
   f - Fireball                       Conjuration/Fire             5
Comestibles
 c - 2 bread rations


   Skills:
 + Level 1.9 Fighting
 + Level 3.8 Dodging
 - Level 2.4 Stealth
 * Level 6.2 Spellcasting
 * Level 4.4 Conjurations
 + Level 3.5 Hexes
 * Level 5.2 Fire Magic
 + Level 2.4 Evocations


You had 7 spell levels left.
You knew the following spells:

 Your Spells              Type           Power        Failure   Level  Hunger
a - Flame Tongue          Conj/Fire      ####.        1%          1    None
c - Conjure Flame         Conj/Fire      ####....     4%          3    #......
i - Inner Flame           Hex/Fire       ####....     6%          3    #......
s - Sticky Flame          Conj/Fire      ####....     14%         4    ###....


Dungeon Overview and Level Annotations

Branches:
Dungeon (6/15)
 Temple: D:4-7

Altars:
Dithmenos
Okawaru

Annotations:
D:6 Eustachio


Message History

* * * LOW HITPOINT WARNING * * *
You feel sick.
There is a stone staircase leading up here.
* * * LOW HITPOINT WARNING * * *
You feel sick.
You fly upwards.
There is a stone staircase leading down here.
You aren't carrying any potions.
As you read the scroll labeled QUUSTI CUNWUFAE, it crumbles to dust.
The scroll dissolves into smoke.
It was a scroll of fog.
You start eating one of the 3 bread rations.
You continue eating.
You are feeling very hungry.
* * * LOW HITPOINT WARNING * * *
You feel sick.
You continue eating.
You finish eating.
That bread ration really hit the spot!
You start eating one of the 2 bread rations.
You continue eating. x2
You die...

.# #...........# #####
######.###...## ##..##
##.########...## .....#
#..............# .....#
#........<.÷...# .....#
#..............#
##'##############..###..##...####
#..###.........#######..##)..((#.
#..............§@.§#....)........
#....<.........§§§.#..†.......o..
#...............§.§'.............
#..................#.............
#####..##.####+######...##....###
#..##'###.###..##..####'##....# #
>..#..[.)......#............... .
...#...........#................o
...##..##......#........##.....##


There were no monsters in sight!

Vanquished Creatures
  The ghost of Schimscham the Tainter, a novice OpVM of Zin (D:5)
  3 ogres
  A bullfrog (D:6)
  2 scorpions (D:5)
  A jelly (D:6)
  A worker ant (D:4)
  2 adders
  An ooze (D:2)
  2 adder zombies
  A worm (D:2)
  A dart slug (D:5)
  3 leopard geckos
  8 orcs
  3 ball pythons
  4 bats
  5 giant cockroaches
  5 goblins
  3 hobgoblins (D:3)
  2 kobolds
  A quokka (D:6)
  2 frilled lizards
  6 rats
58 creatures vanquished.

Notes
Turn   | Place    | Note
-------+----------+-------------------------------------------
     0 | D:1      | Nikta the Deep Elf Fire Elementalist began the quest for the Orb.
     0 | D:1      | Reached XP level 1. HP: 10/10 MP: 6/6
   101 | D:1      | Reached XP level 2. HP: 15/15 MP: 1/8
   298 | D:3      | Reached skill level 4 in Spellcasting
   366 | D:3      | Reached XP level 3. HP: 20/20 MP: 8/10
   371 | D:3      | Learned a level 3 spell: Conjure Flame
   375 | D:3      | Learned a level 3 spell: Inner Flame
   604 | D:4      | Found a shadowy altar of Dithmenos.
   636 | D:5      | Entered Level 5 of the Dungeon
   662 | D:5      | Noticed a scorpion
   670 | D:5      | Killed a scorpion
   670 | D:5      | Reached XP level 4. HP: 9/24 MP: 6/12
   676 | D:5      | Learned a level 4 spell: Sticky Flame
   831 | D:4      | Noticed an ogre
  1176 | D:2      | Found an iron altar of Okawaru.
  1185 | D:2      | Reached skill level 1 in Fighting
  1192 | D:2      | Reached skill level 1 in Evocations
  1332 | D:4      | Killed an ogre
  1332 | D:4      | Reached skill level 1 in Hexes
  1332 | D:4      | Reached XP level 5. HP: 29/29 MP: 7/14
  1419 | D:4      | Noticed an ogre
  1459 | D:4      | Killed an ogre
  1459 | D:4      | Reached skill level 5 in Spellcasting
  1459 | D:4      | Reached XP level 6. HP: 31/34 MP: 0/15
  1622 | D:5      | Noticed Schimscham's ghost (novice OpVM)
  1695 | D:6      | Reached XP level 7. HP: 22/38 MP: 6/17
  1697 | D:6      | Noticed Eustachio
  1772 | D:5      | Killed Schimscham's ghost
  1772 | D:5      | Reached skill level 6 in Spellcasting
  1772 | D:5      | Reached skill level 5 in Fire Magic
  1794 | D:5      | HP: 1/39 [poisoned by Schimscham's ghost (toxic radiance)]
  1802 | D:4      | Succumbed to Schimscham's ghost's toxic radiance

Skill      XL: |  1  2  3  4  5  6  7 |
---------------+----------------------+-----
Spellcasting   | 4 5 6 |  6.2
Conjurations   | 2 3 4 |  4.4
Fighting       | 1 |  1.9
Evocations     | 1 2 |  2.4
Hexes          | 1 2 3 |  3.5
Fire Magic     | 4 5 |  5.2
Dodging        | 3 |  3.8
Stealth        | |  2.4

Action                   |  1- 3 |  4- 6 |  7- 9 || total
-------------------------+-------+-------+-------++-------
Melee: Whip              |     9 |     9 |       ||    18
       Mace              |       |       |     3 ||     3
 Cast: Flame Tongue      |    36 |    69 |     4 ||   109
       Sticky Flame      |       |     4 |       ||     4
       Conjure Flame     |       |     6 |     3 ||     9
       Inner Flame       |       |       |     1 ||     1
  Use: Potion            |       |     4 |     8 ||    12
       Scroll            |       |     4 |     1 ||     5
 Stab: Sleeping          |     7 |     1 |       ||     8
  Eat: Chunk             |       |     3 |       ||     3
       Bread ration      |       |       |     1 ||     1
Armor: Robe              |     1 |    15 |    19 ||    35
Dodge: Dodged            |    14 |    41 |    31 ||    86
